Map: 零纪元-天梯版

Players

Saturdaycat - Winner!

  • Race: Protoss Protoss
  • League: Gold
  • Spawn Location: 1:00

ArctycFox

  • Race: Protoss Protoss
  • League: Gold
  • Spawn Location: 11:00

VOD

Have the link to the VOD?

Description

Time

  • Played on: March 30, 2019, 10:20 a.m.
  • Length: 6:43
Show
View Real Time Build Order
Export as new Build Order

Saturdaycat Protoss - Winner!

Build Orders:  

Get SALT Encoding   

  12  0:01  Probe  
  13  0:13  Probe  
  14  0:24  Pylon  
  14  0:25  Probe  
  15  0:38  Probe  
  16  0:44  Gateway  
  16  0:46  Probe  
  16  0:54  Assimilator  
  16  0:56  Probe  
  17  1:03  Assimilator  
  18  1:08  Probe  
  19  1:20  Probe  
  19  1:24  Gateway  
  19  1:40  Cybernetics Core  
  19  1:45  Probe  
  20  1:52  Pylon  
  20  2:09  Probe  
  21  2:18  Stalker x2  
  21  2:21  Probe  
  26  2:32  Shield Battery  
  26  2:37  Robotics Facility  
  26  2:43  Probe  
  27  2:50  Stalker  
  29  3:02  Pylon  
  29  3:03  Probe  
  30  3:15  Nexus  
  30  3:19  Observer  
  31  3:40  Immortal  
  31  3:48  Stargate  
  35  3:51  Probe  
  35  3:54  Shield Battery  
  36  3:59  Probe  
  36  4:08  Probe  
  38  4:20  Probe  
  39  4:25  Pylon  
  39  4:27  Stalker  
  41  4:32  Probe  
  41  4:34  Immortal  
  42  4:38  Pylon  
  46  4:46  Void Ray  
  46  4:59  Probe  
  51  5:04  Probe  
  52  5:11  Probe  
  52  5:13  Shield Battery  
  52  5:14  Immortal  
  46  5:34  Probe x2  
  45  5:46  Probe  
  46  5:58  Immortal  
  54  6:16  Shield Battery  
  54  6:22  Shield Battery  
  54  6:23  Probe  
Show
View Real Time Build Order
Export as new Build Order

ArctycFox Protoss 

Build Orders:  

Get SALT Encoding   

  12  0:00  Probe  
  13  0:12  Probe  
  14  0:19  Pylon  
  14  0:24  Probe  
  15  0:33  Probe  
  15  0:40  Gateway  
  15  0:42  Probe  
  17  0:52  Assimilator  
  17  0:53  Probe  
  18  1:01  Assimilator  
  18  1:05  Probe  
  19  1:15  Gateway  
  19  1:24  Probe  
  20  1:28  Cybernetics Core  
  20  1:36  Probe  
  21  1:40  Pylon  
  21  2:03  Probe  
  22  2:12  Warp Gate  
  22  2:15  Stalker  
  22  2:16  Stalker  
  22  2:20  Probe  
  26  2:35  Probe  
  27  2:41  Pylon  
  27  2:45  Stalker x2  
  31  3:05  Robotics Facility  
  31  3:07  Gateway  
  31  3:16  Stalker  
  33  3:21  Stalker  
  35  3:43  Immortal  
  39  4:10  Pylon  
  39  4:11  Pylon  
  39  4:18  Warp Prism  
  41  4:33  Stalker x3  
  47  5:06  Immortal  
  45  5:07  Zealot x2  
  45  5:08  Zealot  
  53  5:37  Stalker x2  
  51  5:43  Pylon  
  51  5:44  Pylon  
  47  6:03  Stalker x2  
  39  6:09  Stalker  
Tags
 
League
GoldGold
Matchup
PvP
Spawn Locations
Close Positions
Add a new tag
Caveats
  • Supply blocks, unpowered buildings, or Contaminate may cause inaccurate times.
  • Supply counts are checked every 10 seconds.